 Seeded DCSS version 0.29-a0-1052-g6990b1bffc (webtiles) character file.

Game seed: 143790907368033608 (custom seed)

4986 mathmaestro the Scholar of Death (level 10, 79/79 HPs)
             Began as a Demonspawn Necromancer on Aug 17, 2022.
             Was a Follower of Kikubaaqudgha.
             Quit the game on level 8 of the Dungeon.
             The game lasted 00:32:17 (13032 turns).

mathmaestro the Scholar of Death (DsNe)            Turns: 13032, Time: 00:32:18

Health: 79/79      AC: 12    Str: 11    XL:     10   Next: 29%
Magic:  20/20      EV: 11    Int: 21    God:    Kikubaaqudgha [*.....]
Gold:   525        SH:  9    Dex: 10    Spells: 9/23 levels left

rFire   . . .      SeeInvis .   x - +3 short sword
rCold   + + .      Faith    .   n - +0 buckler
rNeg    . . .      Spirit   .   c - +0 leather armour
rPois   .          Reflect  .   l - +1 helmet of the Dragon {rC++ Str+3 Dex-4}
rElec   .          Harm     .   f - +0 cloak
rCorr   .          Rampage  .   (no gloves)
Will    .....                   C - +0 pair of boots
Stlth   +.........              (no amulet)
HPRegen 0.23/turn               d - +4 ring of slaying
MPRegen 0.17/turn               v - +4 ring of protection

@: no status effects
A: claws 2, sanguine armour 2, condensation shield
a: Renounce Religion, Unearth Wretches


You were on level 8 of the Dungeon.
You worshipped Kikubaaqudgha.
Kikubaaqudgha was aware of your devotion.
You visited 2 branches of the dungeon, and saw 9 of its levels.
You also visited: Ossuary.

You collected 619 gold pieces.
You spent 94 gold pieces at shops.

Inventory:

Hand Weapons
 h - a +1 flail of protection
 t - a +0 hand axe
 x - a +3 short sword (weapon)
Armour
 c - a +0 leather armour (worn)
 f - a +0 cloak (worn)
 l - the +1 helmet of the Dragon (worn) {rC++ Str+3 Dex-4}
   (You found it on level 2 of the Dungeon)

   Str:       It affects your strength (+3).
   Dex:       It affects your dexterity (-4).
   rC:        It greatly protects you from cold.
 n - a +0 buckler (worn)
 C - a +0 pair of boots (worn)
Jewellery
 d - a +4 ring of slaying (left claw)
 e - a ring of flight
 q - a ring of wizardry
 v - a +4 ring of protection (right claw)
Wands
 o - a wand of polymorph (4)
 r - a wand of paralysis (3)
Scrolls
 i - a scroll of silence
 j - a scroll of fear
 u - a scroll of teleportation
 y - a scroll of blinking
 B - 2 scrolls of butterflies
 E - a scroll of enchant armour
Potions
 a - 2 potions of flight
 b - 2 potions of magic
 g - 2 potions of curing
 k - a potion of resistance {unknown}
 m - 2 potions of brilliance
 p - a potion of berserk rage {unknown}
 s - a potion of haste
 w - a potion of attraction {unknown}
 z - 2 potions of cancellation {unknown}
 A - 3 potions of heal wounds {unknown}
 D - a potion of invisibility {unknown}


   Skills:
 + Level 7.3 Fighting
 - Level 5.0 Armour
 - Level 2.0 Dodging
 - Level 2.0 Stealth
 - Level 5.0 Shields
 + Level 7.0 Spellcasting
 + Level 1.8 Hexes
 + Level 9.2 Necromancy


You had 9 spell levels left.
You knew the following spells:

 Your Spells              Type           Power      Damage    Failure   Level
a - Necrotise             Necr           100%       1d9       1%          1
b - Vampiric Draining     Necr           46%        2d9       1%          3
c - Animate Dead          Necr           46%        N/A       3%          4
d - Sublimation of Blood  Necr           46%        N/A       1%          2
e - Anguish               Hex/Necr       15%        N/A       16%         4

Your spell library contained the following spells:

 Spells                   Type           Power      Damage    Failure   Level
 Agony                    Necr           46%        N/A       9%          5
 Sting                    Tmut/Pois      28%        1d4       14%         1
 Summon Small Mammal      Summ           28%        N/A       14%         1
 Poisonous Vapours        Pois/Air       14%        N/A       22%         2
 Portal Projectile        Hex/Tloc       22%        N/A       30%         3
 Summon Guardian Golem    Hex/Summ       11%        N/A       30%         3
 Call Canine Familiar     Summ           7%         N/A       41%         3
 Leda's Liquefaction      Hex/Erth       5%         N/A       69%         4
 Olgreb's Toxic Radiance  Pois           7%         N/A       82%         4


Dungeon Overview and Level Annotations

Branches:
Dungeon (8/15)             Temple (1/1) D:6         Ossuary (visited)
   Lair: D:8-11

Altars:
Ashenzari
Cheibriados
Dithmenos
Gozag
Hepliaklqana
Kikubaaqudgha
Makhleb
Nemelex Xobeh
Okawaru
Qazlal
Ru
Sif Muna
Trog
Uskayaw
Vehumet
Xom

Shops:
D:1 [

Annotations:
D:8 1 transporter


Innate Abilities, Weirdness & Mutations

You have very sharp fingernails.
When seriously injured, your blood forms thick armour. (AC +0)
A meltable shield of frost defends you. (SH +4)


Message History

The water moccasin bites you!
You are poisoned.
The water moccasin poisons you! You block the water moccasin's attack.
You puncture the water moccasin!
The water moccasin is heavily wounded.
You feel very sick.
The water moccasin bites you but does no damage.
You hit the water moccasin.
The water moccasin is severely wounded.
You feel very sick. The water moccasin closely misses you.
You block the water moccasin's attack.
Casting: Necrotise (safe; 1% risk of failure)
Confirm with . or Enter, or press ? or * to list all spells.
Aiming: Vampiric Draining (safe; 1% risk of failure)
Press: ? - help, Shift-Dir - straight line, f/p - water moccasin
Aim: a water moccasin (severely wounded)
You draw life force from the water moccasin!
You feel life coursing into your body.
You feel very sick. You block the water moccasin's attack.
Unknown command.
Casting: Vampiric Draining (safe; 1% risk of failure)
Confirm with . or Enter, or press ? or * to list all spells.
Aiming: Vampiric Draining (safe; 1% risk of failure)
Press: ? - help, Shift-Dir - straight line, f/p - water moccasin
Aim: a water moccasin (almost dead)
You draw life force from the water moccasin.
You kill the water moccasin!
Kikubaaqudgha accepts your kill.
You feel life coursing into your body.
You feel sick.
You feel sick.
You see here a water moccasin corpse.
You start resting.
You feel sick. x6
You are no longer poisoned.
You start resting.
Magic restored.
You start resting.
HP restored.
Okay, then.
Are you sure you want to abandon this character and quit the game? (Confirm with "yes".)

#### #<.##### #.......
## #########..##### #.
....)...#..# ##.
#.########'#..# #..
#.............###..
#.@............##..
........................
..............#.........
........................
..............#.#...#...
..........###.#.#...#...
........... ............
.......#.##. .#.#.......
..........


There were no monsters in sight!

Vanquished Creatures
  Pikel (D:4)
  3 wyverns
  3 yaks
  2 steam dragons (D:7)
  2 water moccasins
  Duvessa (D:6)
  2 black bears
  2 sky beasts
  An orc warrior (D:6)
  An ice beast (D:4)
  5 ogres
  A phantom (D:6)
  2 kobold brigands
  4 scorpions
  2 necrophages
  9 wights
  Dowan (D:6)
  6 killer bees
  2 howler monkeys
  2 hounds
  Crazy Yiuf (D:4)
  An orc priest (D:5)
  4 iguanas
  An orc wizard (D:5)
  8 mummies (Ossuary)
  7 gnolls
  10 adders
  A shadow imp (D:6)
  2 ufetubi (D:5)
  A worm (D:2)
  3 dart slugs
  22 orcs
  5 bats
  10 endoplasms
  4 giant cockroaches
  2 gnoll zombies (Ossuary)
  8 goblins
  5 hobgoblins
  A jackal (D:4)
  2 quokkas
  5 ball pythons
  A frilled lizard (D:2)
  4 hobgoblin zombies (Ossuary)
  4 kobolds
  A kobold zombie (Ossuary)
  An orc zombie (Ossuary)
  2 rats (D:1)
168 creatures vanquished.

Vanquished Creatures (collateral kills)
  An orc priest (D:6)
  An iguana (D:5)
  An adder (D:5)
  4 orcs
  A ball python (D:4)
8 creatures vanquished.

Vanquished Creatures (others)
  A kobold zombie (D:8)
  2 orcs
  5 orc zombies (D:7)
  4 fungi (D:4)
12 creatures vanquished.

Grand Total: 188 creatures vanquished

Notes
Turn   | Place    | Note
-------+----------+-------------------------------------------
     0 | D:1      | mathmaestro the Demonspawn Necromancer began the quest for
                  | the Orb.
     0 | D:1      | Reached XP level 1. HP: 13/13 MP: 3/3
   480 | D:1      | Gained mutation: You have sharp fingernails. [demonic
                  | ancestry]
   480 | D:1      | Reached XP level 2. HP: 19/19 MP: 1/5
   957 | D:1      | Found Omyad's Antique Armour Emporium.
  1213 | D:1      | Found a faded altar of an unknown god.
  1358 | D:2      | Identified the +1 helmet of the Dragon {rC++ Str+3 Dex-4}
  1586 | D:2      | Reached skill level 1 in Fighting
  1586 | D:2      | Gained mutation: You have very sharp fingernails. [demonic
                  | ancestry]
  1586 | D:2      | Reached XP level 3. HP: 22/26 MP: 4/6
  1590 | D:2      | Learned a level 3 spell: Vampiric Draining
  1766 | D:2      | Reached skill level 1 in Armour
  2283 | D:1      | Bought a buckler for 94 gold pieces
  2308 | D:3      | Noticed a fire elemental
  2309 | D:3      | Found a stormy altar of Qazlal.
  2311 | D:3      | Noticed an earth elemental
  2311 | D:3      | Noticed an air elemental
  2311 | D:3      | Noticed a water elemental
  2362 | D:3      | Found a hazy altar of Hepliaklqana.
  3013 | D:3      | Reached XP level 4. HP: 32/32 MP: 7/7
  3224 | D:3      | Learned a level 4 spell: Animate Dead
  3398 | D:4      | Noticed a lemure
  3430 | D:4      | Noticed a lemure
  3430 | D:4      | Noticed a lemure
  3431 | D:4      | Noticed a lemure
  3479 | D:4      | Noticed a centaur
  3479 | D:4      | Noticed an ogre
  4199 | D:4      | a centaur changed into a howler monkey
  4422 | D:4      | Reached skill level 1 in Shields
  4422 | D:4      | Reached skill level 5 in Necromancy
  4422 | D:4      | Reached XP level 5. HP: 34/38 MP: 2/9
  4518 | D:4      | Noticed an ogre
  4706 | D:4      | Found a shimmering altar of Xom.
  4722 | D:4      | Noticed an ogre
  4738 | D:4      | Noticed an ice beast
  4738 | D:4      | an ogre changed into an ice beast
  4765 | D:4      | Killed an ice beast
  4880 | D:4      | Found a runed translucent door.
  4881 | D:4      | Noticed Crazy Yiuf
  4889 | D:4      | Killed Crazy Yiuf
  4890 | D:4      | Reached XP level 6. HP: 36/46 MP: 0/10
  4992 | D:4      | Noticed Pikel
  5702 | D:4      | Reached XP level 7. HP: 47/52 MP: 3/12
  6009 | D:4      | Killed Pikel
  6010 | D:4      | Reached skill level 6 in Necromancy
  6010 | D:4      | Gained mutation: When seriously injured, your blood forms
                  | armour. (AC +0) [demonic ancestry]
  6010 | D:4      | Reached XP level 8. HP: 35/60 MP: 0/14
  6477 | D:5      | Entered Level 5 of the Dungeon
  6619 | D:5      | Found a sand-covered staircase.
  6625 | Ossuary  | Entered an ossuary
  7722 | D:5      | Reached skill level 7 in Necromancy
  7969 | D:5      | Reached skill level 5 in Spellcasting
  8345 | D:5      | Found an iron altar of Okawaru.
  8345 | D:5      | Found a broken altar of Ashenzari.
  8569 | D:6      | Reached skill level 5 in Fighting
  8859 | D:6      | Gained mutation: When seriously injured, your blood forms
                  | thick armour. (AC +0) [demonic ancestry]
  8859 | D:6      | Reached XP level 9. HP: 68/68 MP: 10/16
  9348 | D:6      | Noticed a +0 falchion
  9348 | D:6      | Noticed a +0 spear
  9348 | D:6      | Noticed a +0 dagger
  9348 | D:6      | Noticed a +0 spear
  9348 | D:6      | Noticed a +0 short sword
  9349 | D:6      | Noticed a +0 dagger
  9352 | D:6      | Noticed a +0 falchion
  9352 | D:6      | Noticed Duvessa
  9360 | D:6      | Noticed Dowan
  9373 | D:6      | Killed Duvessa
  9386 | D:6      | Killed Dowan
  9477 | D:6      | Reached skill level 5 in Armour
  9582 | D:6      | Found a staircase to the Ecumenical Temple.
  9597 | Temple   | Entered the Ecumenical Temple
  9809 | Temple   | Became a worshipper of Kikubaaqudgha
 10242 | D:6      | Noticed a +0 short sword
 10244 | D:6      | Found a hide-covered altar of Uskayaw.
 10361 | D:6      | Reached skill level 5 in Shields
 10368 | D:6      | Reached skill level 8 in Necromancy
 11677 | D:6      | Gained mutation: A meltable shield of frost defends you.
                  | (SH +4) [demonic ancestry]
 11677 | D:6      | Reached XP level 10. HP: 35/77 MP: 0/19
 12243 | D:8      | Found a transporter.
 12261 | D:8      | Reached * piety under Kikubaaqudgha
 12261 | D:8      | Received a gift from Kikubaaqudgha
 12265 | D:8      | Learned a level 2 spell: Sublimation of Blood
 12270 | D:8      | Learned a level 4 spell: Anguish
 12355 | D:8      | Noticed an orange demon
 12443 | D:7      | Reached skill level 9 in Necromancy
 12579 | D:7      | Reached skill level 1 in Hexes
 12841 | D:8      | Found an opulent altar of Gozag.
 13032 | D:8      | Quit the game

Illustrated notes

Levels and vault maps discovered:
D:1:      onia_arrival_pyramid, layout_loops_corners,
          dreamdust_ecumenical_altar_hidden_monk_grotto, serial_shops, shop,
          nrook_mini_backslash
D:2:      layout_basic, patterned_corridor
D:3:      layout_loops_ring, nicolae_qazlal_style_of_elements,
          mainiacjoe_overflow_chevrons, kennysheep_small_spiral,
          eino_tiny_chamber
D:4:      layout_rooms, xom_confusion_cloud, kennysheep_flooded_box, uniq_pikel,
          uniq_crazy_yiuf_cottage
D:5:      layout_cave_pools, gammafunk_temple_overflow_wave,
          nicolae_ossuary_entry_plus, grunt_decor_cap
D:6:      layout_loops_ring, nicolae_uskayaw_en_pointe,
          minmay_temple_entry_grid, uniq_duvessa
D:7:      layout_cave_pools
D:8:      gammafunk_cloud_chamber, layout_basic, nicolae_gozag_seed_capital,
          lemuel_flamethrower_2
Temple:   hellmonk_temple_forest_ring

Skill      XL: |  1  2  3  4  5  6  7  8  9 10 |
---------------+-------------------------------+-----
Stealth        | 2 |  2.0
Dodging        | 2 |  2.0
Fighting       | 1 2 3 4 5 6 7 |  7.3
Armour         | 1 2 3 4 5 |  5.0
Shields        | 1 2 3 4 5 |  5.0
Necromancy     | 5 6 7 8 9 |  9.2
Spellcasting   | 3 4 5 6 7 |  7.0
Hexes          | 1 |  1.8

Action                   |  1- 3 |  4- 6 |  7- 9 | 10-12 || total
-------------------------+-------+-------+-------+-------++-------
Melee: Dagger            |    65 |   129 |   244 |       ||   438
       Short sword       |       |       |    85 |    63 ||   148
Throw: Boomerang         |       |       |    24 |       ||    24
 Cast: Necrotise         |    56 |    75 |   184 |    24 ||   339
       Vampiric Draining |       |     7 |    33 |    21 ||    61
       Animate Dead      |       |       |     2 |     1 ||     3
       Anguish           |       |       |       |     1 ||     1
Evoke: Wand              |       |     5 |    23 |       ||    28
  Use: Scroll            |       |     2 |    13 |       ||    15
 Stab: Sleeping          |     4 |       |       |       ||     4
       Distracted        |       |       |     1 |       ||     1
       Paralysed         |       |       |    21 |       ||    21
Armor: Leather armour    |    23 |    58 |   232 |    39 ||   352
Dodge: Dodged            |    53 |    78 |   298 |    43 ||   472
Block: Buckler           |     3 |    34 |   127 |    47 ||   211

Table legend: (Time is in decaauts)
 A = Elapsed time spent in this place.
 B = Non-inter-level travel time spent in this place.
 C = Inter-level travel time spent in this place.
 D = Time resting spent in this place.
 E = Time spent auto-exploring this place.
 F = Levels seen in this place.
 G = Mean time per level.
                   A        B        C        D        E       F      G
               +--------+--------+--------+--------+--------+-----+--------+
         Total |  13110 |  12699 |    411 |   4967 |   4910 |  10 | 1311.0 |
       Dungeon |  11882 |  11506 |    376 |   4342 |   4641 |   8 | 1485.2 |
        Temple |    230 |    195 |     35 |      0 |    184 |   1 |  230.0 |
       Ossuary |    996 |    996 |      0 |    625 |     85 |   1 |  996.0 |
               +--------+--------+--------+--------+--------+-----+--------+

Top non-repeatable levels by time:
     D:3: 2597 daAuts
     D:6: 1854 daAuts
     D:4: 1565 daAuts
     D:7: 1514 daAuts
     D:1: 1357 daAuts
     D:5: 1325 daAuts
     D:2: 1078 daAuts
 Ossuary: 996 daAuts
     D:8: 590 daAuts
  Temple: 230 daAuts
